AoeStats
← Lord Laggington

Nomad

507270618Analyzed
2v2 RM · 2mo ago on Sep 17, 2026· 40m 53s· 4 players
Game mode
Random Map
Map size
176×176
Population
200
Speed
Normal
Resources
Standard
Victory
Conquest
Starting age
Dark Age
Ending age
Imperial Age
RankedLock teamsTeams togetherTeam positionsShared explorationLock speedFull tech treeHidden civsTurbo modeCheats
Victory
Defeat
🇨🇳 Japanese · China
1065
+13
🇨🇳 Malians · China
1064
+13
vs
🇩🇪 Spanish · Germany
1010
-13
🇩🇪 Italians · Germany
996
-13
Clay001
3:24 Loom
14:20 Feudal Age
16:27 Stone Mining
18:59 Castle Age
17:50 Fletching
18:03 Padded Archer Armor
19:03 Double-Bit Axe
20:06 Bodkin Arrow
21:09 Fishing Lines
24:32 Gold Mining
26:30 Gold Shaft Mining
28:49 Imperial Age
27:08 Bow Saw
28:12 Wheelbarrow
27:31 Treadmill Crane
28:44 Town Watch
31:20 Two-Man Saw
32:00 Horse Collar
34:17 Ballistics
34:13 Squires
34:00 Gambesons
35:56 Hand Cart
36:37 Bracer
38:39 Conscription
37:42 Elite Samurai
39:28 Chemistry
38:52 Heavy Plow
40:22 Forging
40:13 Scale Mail Armor
Rubi2007
4:36 Loom
14:38 Feudal Age
15:12 Fishing Lines
17:10 Double-Bit Axe
17:15 Fishing Lines
20:08 Castle Age
19:36 Scale Mail Armor
19:49 Forging
19:22 Horse Collar
20:23 Gold Mining
20:24 Stone Mining
20:25 Town Watch
21:04 Squires
20:25 Man-at-Arms
20:51 Arson
21:24 Bow Saw
21:07 Long Swordsman
22:24 Chain Mail Armor
28:30 Fletching
30:06 Bodkin Arrow
30:57 Padded Archer Armor
33:00 Gold Shaft Mining
31:49 Elite Skirmisher
33:36 Wheelbarrow
34:16 Guard Tower
35:44 Ballistics
35:56 Leather Archer Armor
37:31 Iron Casting
38:53 Gold Shaft Mining
39:15 Stone Shaft Mining
38:59 Hand Cart
41:20 Heavy Plow
novusb4
8:27 Loom
13:39 Feudal Age
18:40 Castle Age
17:06 Horse Collar
18:05 Double-Bit Axe
20:26 Town Watch
21:24 Fishing Lines
Lord Laggington
8:50 Loom
14:00 Feudal Age
18:45 Castle Age
16:41 Horse Collar
16:53 Double-Bit Axe
19:29 Husbandry
21:28 Gold Mining
21:58 Town Watch
22:49 Wheelbarrow
28:47 Hand Cart
38:38 Imperial Age
36:35 Murder Holes
40:26 Supremacy
40:27 Conscription
40:42 Masonry
Connection lost

Rejoining the realm…

Still unreachable

The connection could not be restored.

Session expired

The server has moved on; the page needs a fresh start.